 Dungeon Crawl Stone Soup version 0.30-a0-358-g0d69a1922f (webtiles) character file.

Game seed: 11777203193834909971

378 mcwallace the Magician (level 6, -5/35 HPs)
             Began as a Deep Elf Fire Elementalist on Nov 11, 2022.
             Slain by a hornet (15 damage)
             ... on level 5 of the Dungeon.
             The game lasted 00:08:13 (4572 turns).

mcwallace the Magician (Deep Elf Fire Elementalist) Turns: 4572, Time: 00:08:14

Health: -5/35      AC:  2    Str:  5    XL:     6   Next: 45%
Magic:  7/15       EV: 13    Int: 22    God:
Gold:   234        SH:  0    Dex: 15    Spells: 11/14 levels left

rFire   . . .      SeeInvis .    v - +1 flail (drain) {mace}
rCold   . . .      Faith    .    (no shield)
rNeg    . . .      Spirit   .    a - +0 robe
rPois   .          Reflect  .    (no helmet)
rElec   .          Harm     .    (no cloak)
rCorr   .          Rampage  .    (no gloves)
Will    .....                    (no boots)
Stlth   ++........               (no amulet)
HPRegen 0.25/turn                (no ring)
MPRegen 0.14/turn                (no ring)

@: lethally poisoned (-5 -> -12), slowed, very slow
A: no striking features
a: no special abilities


You were on level 5 of the Dungeon.
You visited 1 branch of the dungeon, and saw 5 of its levels.

You collected 234 gold pieces.


   Skills:
 + Level 2.2 Fighting
 + Level 4.2 Dodging
 - Level 2.4 Stealth
 + Level 4.9 Spellcasting
 + Level 3.2 Conjurations
 + Level 4.6 Fire Magic


You had 11 spell levels left.
You knew the following spells:

 Your Spells              Type           Power      Damage    Failure   Level
a - Foxfire               Conj/Fire      88%        2x1d8     1%          1
b - Scorch                Fire           50%        2d8       2%          2

Your spell library contained the following spells:

 Spells                   Type           Power      Damage    Failure   Level
 Inner Flame              Hex/Fire       15%        N/A       12%         3
 Kindle Blastsparks       Fire/Tloc/Air  24%        2d12      16%         3
 Flame Wave               Conj/Fire      22%        2d8       21%         4

Inventory:

Hand Weapons
 f - a +0 long sword {long}
   (You found it on level 1 of the Dungeon)
 v - a +1 flail of draining (weapon) {mace}
   (You took it off a gnoll on level 3 of the Dungeon)
 B - a +2 flail of protection {mace}
   (You took it off an orc on level 4 of the Dungeon)
Missiles
 e - 32 stones {throwing}
Armour
 a - a +0 robe (worn)
 h - a +0 chain mail
   (You found it on level 1 of the Dungeon)
 m - a +0 pair of gloves
   (You found it on level 1 of the Dungeon)
 o - a +0 leather armour
   (You found it on level 1 of the Dungeon)
 q - a +0 robe
   (You took it off a kobold on level 2 of the Dungeon)
 r - a +0 chain mail
   (You found it on level 3 of the Dungeon)
 u - a +0 robe
   (You found it on level 3 of the Dungeon)
 x - a +2 ring mail of fire resistance
   (You found it on level 4 of the Dungeon)
 y - a +0 ring mail
   (You found it on level 4 of the Dungeon)
 z - a +0 ring mail
   (You found it on level 4 of the Dungeon)
 C - a +0 leather armour
   (You found it on level 4 of the Dungeon)
Magical Staves
 D - a staff of conjuration {!a@e2staff}
   (You found it on level 4 of the Dungeon)
Jewellery
 d - a ring of ice
   (You found it on level 1 of the Dungeon)
Wands
 s - a wand of iceblast (2)
   (You took it off a goblin on level 3 of the Dungeon)
Scrolls
 c - 3 scrolls of vulnerability {unknown}
 l - 6 scrolls of identify {unknown}
 p - 3 scrolls of poison {unknown}
 t - a scroll of blinking {unknown}
 w - 2 scrolls of enchant armour {unknown}
 A - a scroll of butterflies {unknown}
 E - a scroll of fear {unknown}
 F - a scroll of noise {unknown}
Potions
 b - a potion of magic
 g - a potion of ambrosia {unknown}
 i - a potion of brilliance {unknown}
 j - 5 potions of curing {unknown}
 k - a potion of attraction {unknown}
 n - 2 potions of invisibility {unknown}

Dungeon Overview and Level Annotations

Branches:
Dungeon (5/15) Zot: 25397
 Temple: D:4-7

Altars:
Sif Muna
Xom

Shops:
D:1 (   D:3 =

Annotations:
D:4 Sigmund

####+###..##.##.
.......ยง...#....
.....vยง....#....
##..############ #. #.. #..
#.. ### ########## ####..
#.ยง##...@....#######.....
#..ยง#..y.....#.....#.....
#...'........#.....#.....
...#####........#'#####.....
........#'##................
........#..#................
........+..#................
........#.##................
...########........#########


You could see a hornet (combustible).


Message History

The quokka moves out of view. ๐Ÿ˜Ž MP[+3]
Your mp is fully restored (15).
A quokka is nearby!
A quokka is nearby!
A quokka is nearby!
Casting: Foxfire (safe; 1% risk of failure)
Press: ? - help, Q - select action, (/) - cycle Dir - look around, f - activate You conjure some foxfire! ๐Ÿ˜Ž MP[-1]
You lost 1 mp, and now have 14/15 mp.
Casting: Foxfire (safe; 1% risk of failure)
Press: ? - help, Q - select action, (/) - cycle Dir - look around, f - activate You conjure some foxfire!
The quokka bites you. ๐Ÿ˜• HP[-3] MP[-1]
You take 3 damage, and now have 32/35 hp.
You lost 1 mp, and now have 13/15 mp.
Casting: Foxfire (safe; 1% risk of failure)
Press: ? - help, Q - select action, (/) - cycle Dir - look around, f - activate
There is not enough space to conjure foxfire!
Casting: Foxfire (safe; 1% risk of failure)
Press: ? - help, Q - select action, (/) - cycle Dir - look around, f - activate
There is not enough space to conjure foxfire!
You barely miss the quokka.
The foxfire hits the quokka. x2
The quokka closely misses you. The quokka bites you. ๐Ÿ˜• HP[-3]
You take 3 damage, and now have 29/35 hp.
You hit the quokka.
You kill the quokka! ๐Ÿ˜• HP[+1]
You see here a quokka corpse. ๐Ÿ˜• MP[+1]
You open the door.
Key pressed, stopping explore.
You open the door.
There is an open door here.
Key pressed, stopping explore.
You open the door. As you open the door, it creaks loudly!
You hear an angry buzzing noise.
A hornet comes into view. ๐Ÿ˜Ž HP[+5] MP[+1]
Your hp is fully restored (35).
Your mp is fully restored (15).
A hornet is nearby!
Casting: Foxfire (safe; 1% risk of failure)
Press: ? - help, Q - select action, (/) - cycle Dir - look around, f - activate You conjure some foxfire!
The hornet buzzes angrily. ๐Ÿ˜Ž MP[-1]
You lost 1 mp, and now have 14/15 mp.
Casting: Foxfire (safe; 1% risk of failure)
Press: ? - help, Q - select action, (/) - cycle Dir - look around, f - activate You conjure some foxfire!
The foxfire hits the hornet. ๐Ÿ˜Ž MP[-1]
You lost 1 mp, and now have 13/15 mp.
The foxfire hits the hornet but does no damage.
Casting: Foxfire (safe; 1% risk of failure)
Press: ? - help, Q - select action, (/) - cycle Dir - look around, f - activate You conjure some foxfire! ๐Ÿ˜Ž MP[-1]
You lost 1 mp, and now have 12/15 mp.
Casting: Foxfire (safe; 1% risk of failure)
Confirm with . or Enter, or press ? or * to list all spells.
Flames lash the hornet.
The hornet's fire resistance burns away.
The foxfire hits the hornet but does no damage.
The foxfire hits the hornet. ๐Ÿ˜Ž MP[-1]
You lost 1 mp, and now have 11/15 mp.
Casting: Scorch (safe; 2% risk of failure)
Confirm with . or Enter, or press ? or * to list all spells.
Flames lash the hornet.
The hornet is burned terribly!
The hornet stings you.
You feel yourself slow down. The hornet stings you!
* * * LOW HITPOINT WARNING * * *
You suddenly lose the ability to move!
You can move again. ๐Ÿ˜จ HP[-19] MP[-2]
You take 19 damage, and now have 16/35 hp.
MASSIVE DAMAGE!! (PAUSE)
You lost 2 mp, and now have 9/15 mp.
Unknown command.
Casting: Scorch (safe; 2% risk of failure)
Confirm with . or Enter, or press ? or * to list all spells.
Flames lash the hornet.
The hornet is burned terribly!
The hornet stings you.
* * * LOW HITPOINT WARNING * * *
You are poisoned.
You feel as though you will be slow longer.
The hornet misses you. ๐Ÿ˜จ HP[-3] MP[-2]
You take 3 damage, and now have 13/35 hp.
You lost 2 mp, and now have 7/15 mp.
Aiming: Iceblast
Press: ? - help, Q - select action, (/) - cycle Shift-Dir - straight line The mass of ice explodes!
The iceblast engulfs the hornet.
* * * LOW HITPOINT WARNING * * *
You feel very sick. The hornet stings you!
You die...

Skill      XL: |  1  2  3  4  5 |
---------------+----------------+-----
Dodging        | 3 4 |  4.2
Fighting       | 1 2 |  2.2
Conjurations   | 2 3 |  3.2
Spellcasting   | 4 |  4.9
Fire Magic     | 4 |  4.6
Stealth        | |  2.4

Action                   |  1- 3 |  4- 6 || total
-------------------------+-------+-------++-------
Melee: Unarmed           |     1 |       ||     1
       Long sword        |     1 |       ||     1
       Flail             |       |     6 ||     6
 Cast: Foxfire           |   135 |    64 ||   199
       Scorch            |     2 |     6 ||     8
Evoke: Wand              |       |     3 ||     3
Armor: Robe              |       |     1 ||     1
Dodge: Dodged            |     5 |     6 ||    11

Levels and vault maps discovered:
D:1:      dpeg_chamrin_arrival_tetris, layout_basic, serial_shops,
          nicolae_shop_waterfront
D:2:      layout_loops_ring, shapermc_ecumenical_altar_mp_ritualfount,
          kennysheep_crisscross
D:3:      layout_basic, gammafunk_temple_overflow_pools,
          nicolae_shop_unique_rings
D:4:      layout_gridville, serial_bayou_lake_a, uniq_sigmund
D:5:      layout_gridville, ebering_ghost_rock_garden,
          nicolae_elevator_lobby_plus

Notes
Turn   | Place    | Note
-------+----------+-------------------------------------------
     0 | D:1      | mcwallace the Deep Elf Fire Elementalist began the quest
                  | for the Orb.
     0 | D:1      | Reached XP level 1. HP: 10/10 MP: 6/6
     0 | D:1      | magus.rc [v1.9.6]
   523 | D:1      | You fall into a shaft and drop 1 floor!
   571 | D:1      | Reached XP level 2. HP: 15/15 MP: 1/8
  1019 | D:1      | Found Ahewidaf's Weapon Boutique.
  1213 | D:2      | Reached XP level 3. HP: 20/20 MP: 5/9
  1630 | D:2      | Found a faded altar of an unknown god.
  1853 | D:2      | Reached skill level 3 in Dodging
  2082 | D:3      | Learned a level 2 spell: Scorch
  2093 | D:3      | Reached skill level 1 in Fighting
  2148 | D:3      | Reached skill level 2 in Conjurations
  2626 | D:3      | Reached XP level 4. HP: 25/25 MP: 4/11
  2808 | D:3      | Found Hishah's One-of-a-Kind Rings.
  2892 | D:3      | Found a shimmering altar of Xom.
  2892 | D:3      | Found a shimmering blue altar of Sif Muna.
  3164 | D:4      | Noticed an ice beast
  3169 | D:4      | Killed an ice beast
  3170 | D:4      | Reached skill level 4 in Spellcasting
  3170 | D:4      | Reached skill level 4 in Fire Magic
  3170 | D:4      | Reached XP level 5. HP: 30/30 MP: 6/13
  3417 | D:4      | Reached skill level 4 in Dodging
  3422 | D:4      | Reached skill level 2 in Fighting
  3422 | D:4      | Reached skill level 3 in Conjurations
  3422 | D:4      | Reached XP level 6. HP: 17/35 MP: 0/15
  4019 | D:4      | Noticed Sigmund
  4274 | D:5      | Entered Level 5 of the Dungeon
  4562 | D:5      | Noticed a hornet
  4570 | D:5      | Paralysed by a hornet for 1 turns
  4572 | D:5      | Slain by a hornet

Vanquished Creatures
  An ice beast (D:4)
  2 scorpions (D:4)
  A hound (D:4)
  3 gnolls (D:3)
  5 adders
  A white imp (D:5)
  A dart slug (D:1)
  4 orcs
  5 endoplasms
  4 giant cockroaches
  4 goblins
  5 hobgoblins
  5 quokkas
  5 ball pythons
  5 bats
  3 frilled lizards
  4 kobolds
  5 rats
63 creatures vanquished.

Vanquished Creatures (collateral kills)
  5 foxfires
5 creatures vanquished.

Vanquished Creatures (others)
  322 foxfires
  3 fungi (D:2)
  4 plants
329 creatures vanquished.

Grand Total: 397 creatures vanquished

Table legend:
 A = Non-vault XP
 B = Vault XP
 C = Vault XP percentage of total XP
 D = Non-vault monster count
 E = Vault monster count
 F = Vault count percentage of total count
                 A         B        C        D         E       F
            +---------+---------+-------+---------+---------+-------
      Total |     541 |       0 |   0.0 |      63 |       0 |   0.0
            +---------+---------+-------+---------+---------+-------
        D:1 |      25 |       0 |   0.0 |      17 |       0 |   0.0
        D:2 |      37 |       0 |   0.0 |      15 |       0 |   0.0
        D:3 |      74 |       0 |   0.0 |      14 |       0 |   0.0
        D:4 |     366 |       0 |   0.0 |      13 |       0 |   0.0
        D:5 |      39 |       0 |   0.0 |       4 |       0 |   0.0
            +---------+---------+-------+---------+---------+-------

Illustrated notes

Table legend:
 A = Kills in this place as a percentage of kills in entire the game.
 B = Kills by you in this place as a percentage of kills by you in the entire game.
 C = Kills by friends in this place as a percentage of kills by friends in the entire game.
 D = Other kills in this place as a percentage of other kills in the entire game.
 E = Experience gained in this place as a percentage of experience gained in the entire game.
 F = Experience gained in this place divided by the number of levels of this place that you have seen.
                   A       B       C       D       E      F
               +-------+-------+-------+-------+-------+----------------------
         Total | 100.0 | 100.0 |   N/A |   N/A | 100.0 | 108.2
       Dungeon | 100.0 | 100.0 |   N/A |   N/A | 100.0 | 108.2
               +-------+-------+-------+-------+-------+----------------------

Table legend: (Time is in decaauts)
 A = Elapsed time spent in this place.
 B = Non-inter-level travel time spent in this place.
 C = Inter-level travel time spent in this place.
 D = Time resting spent in this place.
 E = Time spent auto-exploring this place.
 F = Levels seen in this place.
 G = Mean time per level.
                   A        B        C        D        E       F      G
               +--------+--------+--------+--------+--------+-----+--------+
         Total |   4601 |   4445 |    156 |      0 |   3740 |   5 |  920.2 |
       Dungeon |   4601 |   4445 |    156 |      0 |   3740 |   5 |  920.2 |
               +--------+--------+--------+--------+--------+-----+--------+

Top non-repeatable levels by time:
     D:3: 1161 daAuts
     D:1: 1108 daAuts
     D:4: 1100 daAuts
     D:2: 931 daAuts
     D:5: 299 daAuts
